 Dungeon Crawl Stone Soup version 0.22-a0-240-g539252a (webtiles) character file.

1 Amnesiac the Charlatan (level 1, -1/9 HPs)
             Began as a Spriggan Artificer on Feb 21, 2018.
             Was a Follower of Makhleb.
             Slain by an adder (3 damage)
             ... on level 2 of the Dungeon.
             The game lasted 00:00:25 (68 turns).

Amnesiac the Charlatan (Spriggan Artificer)           Turns: 68, Time: 00:00:26

Health: -1/9       AC:  2    Str:  8    XL:     1   Next: 16%
Magic:  4/4        EV: 18    Int: 12    God:    Makhleb [*.....]
Gold:   27         SH:  0    Dex: 16    Spells: 0/0 levels left

rFire    . . .     SeeInvis +   a - +0 short sword
rCold    . . .     Gourm    .   (shield restricted)
rNeg     . . .     Faith    .   b - +0 robe
rPois    .         Spirit   .   (helmet restricted)
rElec    .         Reflect  .   (no cloak)
rCorr    .         Harm     .   (gloves unavailable)
MR       .....                  (boots unavailable)
Stlth    ++........             (no amulet)
HPRegen  0.03/turn              (no ring)
MPRegen  0.09/turn              (no ring)

@: lethally poisoned (-1 -> -4), very quick
A: very small, unfitting armour, see invisible, herbivore, speed 3, slow
metabolism 2
a: Renounce Religion


You were on level 2 of the Dungeon.
You worshipped Makhleb.
Makhleb was aware of your devotion.
You were not hungry.

You visited 1 branch of the dungeon, and saw 2 of its levels.

You collected 27 gold pieces.

Inventory:

Hand Weapons
 a - a +0 short sword (weapon)
Armour
 b - a +0 robe (worn)
Wands
 c - a wand of flame (15)
 d - a wand of enslavement (15)
 e - a wand of random effects (15)
Comestibles
 f - a ration


   Skills:
 - Level 0.7 Fighting
 + Level 1.3 Short Blades
 - Level 3.0 Dodging
 - Level 1.5 Stealth
 - Level 4.0 Evocations


You couldn't memorise any spells.
You didn't know any spells.

Dungeon Overview and Level Annotations

Branches:
Dungeon (2/15)

Altars:
Makhleb


Innate Abilities, Weirdness & Mutations

You are very small and have problems with some larger weapons.
You are too small for most types of armour.
You have supernaturally acute eyesight. (SInv)
You are a herbivore.
You cover ground extremely quickly.
You need consume almost no food.


Message History

You cannot tell which god this altar belongs to.
Convert to them anyway?
Okay, then.
Unknown command.
Press < or > to pray at altars.
You cannot tell which god this altar belongs to.
Convert to them anyway?
Makhleb accepts your prayer! Makhleb welcomes you!
You can now gain health from killing.
Unknown command.
Press < or > to pray at altars.
A bat comes into view.
The bat moves out of view.
The bat barely misses you.
You open the door. The bat misses you.
Found 11 gold pieces.
Found an escape hatch in the floor.
Found 16 gold pieces.
There is an open door here.
The bat completely misses you.
You see here a gold piece.
You now have 1 gold piece.
The bat misses you. The bat hits you but does no damage.
You see here 10 gold pieces.
You now have 11 gold pieces (gained 10).
The bat completely misses you. The bat barely misses you. The adder bites you.
You are lethally poisoned!
The adder poisons you!
You hit the bat.
You kill the bat!
Makhleb accepts your kill.
You feel sick. The adder closely misses you. The adder misses you.
The ball python misses you. The ball python completely misses you.
* * * LOW HITPOINT WARNING * * *
You feel sick.
Found a leather armour.
You see here 16 gold pieces.
You now have 27 gold pieces (gained 16).
The adder misses you.
You hit the adder.
The adder is moderately wounded.
* * * LOW HITPOINT WARNING * * *
You feel sick. The adder completely misses you.
You completely miss the adder.
The adder is moderately wounded.
The adder closely misses you. The adder barely misses you.
You closely miss the adder.
The adder is moderately wounded.
The adder misses you.
You hit the adder.
The adder is heavily wounded.
The adder bites you but does no damage.
You hit the adder.
The adder is almost dead.
* * * LOW HITPOINT WARNING * * *
You feel sick. The adder bites you but does no damage.
The frilled lizard hisses.
Unknown command.
You miss the adder.
The adder is almost dead.
The adder closely misses you. x2
You closely miss the adder.
The adder is almost dead.
The adder bites you.
You die...

### .. ... .. ##.
###.# .# ....
#######.#.# #.#...#
#.....[.#.###.#...#
#@#.....#...#
#S#........>#
#Sl.........#
###.......#.#
#.#..g..# #
#.#.....#.#
#.#.#'#.#.# #.
#.#.......## #.
#.##....#...###.


You could see an adder, a ball python and a frilled lizard.

Vanquished Creatures
  A bat (D:2)
1 creature vanquished.

Notes
Turn   | Place    | Note
-------+----------+-------------------------------------------
     0 | D:1      | Amnesiac the Spriggan Artificer began the quest for the Orb.
     0 | D:1      | Reached XP level 1. HP: 9/9 MP: 4/4
     3 | D:2      | Found a faded altar of an unknown god.
    38 | D:2      | Became a worshipper of Makhleb the Destroyer
    38 | D:2      | Reached * piety under Makhleb
    68 | D:2      | Slain by an adder

Vault maps used:
D:1:      dpeg_arrival_pits
D:2:      first_ration, chequers_ecumenical_altar_simple,
          kennysheep_small_spiral

Action                   || total
-------------------------++-------
Melee: Short sword       ||    11
Armor: Robe              ||     3
Dodge: Dodged            ||    29

Table legend:
 A = Spawn XP
 B = Non-spawn XP
 C = Spawn XP percentage of total XP
 D = Spawn monster count
 E = Non-spawn monster count
 F = Spawn count percentage of total count
 G = Total turns spent on level
                    A         B        C        D         E        F      G
               +---------+---------+-------+---------+---------+-------+---------
         Total |       0 |       2 |   0.0 |       0 |       1 |   0.0 |    68
               +---------+---------+-------+---------+---------+-------+---------
           D:2 |       0 |       2 |   0.0 |       0 |       1 |   0.0 |    64
               +---------+---------+-------+---------+---------+-------+---------
